 Dungeon Crawl Stone Soup version 0.30-a0-920-g7493c07aab (webtiles) character file.

Game seed: 9543378604708773798

444 lunkers the Carver (level 7, -7/57 HPs)
             Began as a Meteoran Fighter on Mar 22, 2023.
             Mangled by a hornet (8 damage)
             ... while paralysed by a hornet
             ... on level 6 of the Dungeon.
             The game lasted 00:06:41 (1799 turns).

lunkers the Carver (Meteoran Fighter)               Turns: 1799, Time: 00:06:42

Health: -7/57      AC:  9    Str: 18    XL:     7   Next: 48%
Magic:  8/8        EV:  2    Int: 10    God:
Gold:   191        SH:  0    Dex: 15    Spells: 6/6 levels left

rFire   . . .      SeeInvis .    a - +0 long sword
rCold   . . .      Faith    .    c - +0 buckler
rNeg    . . .      Spirit   .    b - +0 scale mail
rPois   .          Reflect  .    k - +0 helmet
rElec   .          Rampage  .    p - +0 cloak
rCorr   .                        (no gloves)
Will    .....                    (no boots) Stlth
                                 (no amulet)
HPRegen 0.29/turn                (no ring)
MPRegen 0.11/turn                (no ring)

@: paralysed, slowed, glowing
A: sense surroundings 1, otherworldly, glowing, explore regen
a: no special abilities


You were on level 6 of the Dungeon.
You visited 1 branch of the dungeon, and saw 6 of its levels.

You collected 191 gold pieces.

Inventory:

Hand Weapons
 a - a +0 long sword (weapon)
Armour
 b - a +0 scale mail (worn)
 c - a +0 buckler (worn)
 k - a +0 helmet (worn)
 p - a +0 cloak (worn)
Jewellery
 v - an amulet of magic regeneration
Scrolls
 f - a scroll of fog {unknown}
 g - 5 scrolls of identify {unknown}
 i - 2 scrolls of blinking {unknown}
 j - 3 scrolls of teleportation {unknown}
 n - 3 scrolls of amnesia {unknown}
 q - a scroll of immolation {unknown}
 s - a scroll of magic mapping {unknown}
 t - a scroll of summoning {unknown}
Potions
 d - a potion of haste {unknown}
 e - 5 potions of curing
 h - a potion of mutation {unknown}
 l - a potion of degeneration {unknown}
 m - 2 potions of invisibility {unknown}
 o - 7 potions of resistance {unknown}
 r - a potion of cancellation {unknown}
 u - a potion of ambrosia {unknown}


   Skills:
 - Level 3.2 Fighting
 + Level 8.8 Long Blades
 - Level 3.6 Armour
 - Level 3.6 Shields


You had 6 spell levels left.
You didn't know any spells.
Your spell library contained the following spells:

 Spells                   Type           Power      Damage    Failure   Level
 Summon Small Mammal      Summ           0%         N/A       83%         1
 Call Canine Familiar     Summ           0%         N/A       99%         3
 Summon Guardian Golem    Hex/Summ       0%         N/A       99%         3
 Summon Ice Beast         Ice/Summ       0%         N/A       100%        4
 Summon Forest            Summ/Tloc      0%         N/A       100%        5
 Summon Mana Viper        Hex/Summ       0%         N/A       100%        5
 Eringya's Noxious Bog    Tmut/Pois      0%         N/A       100%        6
 Monstrous Menagerie      Summ           0%         N/A       100%        7
 Summon Hydra             Summ           0%         N/A       100%        7


Dungeon Overview and Level Annotations

Branches:
Dungeon (6/15) Zot: 1764
 Temple: D:4-7

Altars:
Vehumet

Shops:
D:2 (


Innate Abilities, Weirdness & Mutations

You passively map a small area around you.
You are easily found by Zot.
You glow in the dark.
You regain HP and MP as you explore.


Message History

The hornet stings you.
* * * LOW HITPOINT WARNING * * *
You feel as though you will be slow longer.
The hornet stings you but does no damage.
You hit the hornet but do no damage.
You feel sick. The hornet stings you.
* * * LOW HITPOINT WARNING * * *
You feel as though you will be slow longer.
The hornet stings you.
* * * LOW HITPOINT WARNING * * *
You suddenly lose the ability to move!
You can move again.
You slash the hornet!
The hornet is moderately wounded.
You feel sick. The hornet misses you. The hornet barely misses you.
You hit the hornet but do no damage.
The hornet is moderately wounded.
You feel sick. The hornet barely misses you. The hornet stings you!
* * * LOW HITPOINT WARNING * * *
You feel as though you will be slow longer.
You hit the hornet.
The hornet is moderately wounded.
You feel sick.
You are no longer poisoned.
The hornet stings you.
* * * LOW HITPOINT WARNING * * *
You are poisoned.
You feel as though you will be slow longer.
The hornet stings you but does no damage.
You miss the hornet.
The hornet is moderately wounded.
You feel very sick. You block the hornet's attack. The hornet stings you.
* * * LOW HITPOINT WARNING * * *
You feel as though you will be slow longer.
The hornet stings you but does no damage.
Unknown command.
It was a potion of curing.
You feel better. The hornet stings you!
* * * LOW HITPOINT WARNING * * *
You suddenly lose the ability to move!
The hornet stings you!
You die...

############# ,
#...........# , ,
#...........# ,
#...........# * *
#...........# *
#...........#
#...../..@y.####.
, ,,
#........<.......
################.,
*


You could see a hornet.

Vanquished Creatures
  A phantom (D:4)
  A hound (D:2)
  An orc priest (D:4)
  A jelly (D:5)
  2 iguanas
  2 orc wizards (D:4)
  3 gnolls (D:4)
  8 adders
  3 dart slugs
  11 orcs
  2 ball pythons
  5 endoplasms
  2 goblins
  7 hobgoblins
  6 quokkas
  2 bats
  10 frilled lizards
  5 kobolds
  3 rats
75 creatures vanquished.

Notes
Turn   | Place    | Note
-------+----------+-------------------------------------------
     0 | D:1      | lunkers the Meteoran Fighter began the quest for the Orb.
     0 | D:1      | Reached XP level 1. HP: 19/19 MP: 2/2
   109 | D:1      | Reached skill level 3 in Long Blades
   109 | D:1      | Reached XP level 2. HP: 25/26 MP: 3/3
   346 | D:2      | Reached skill level 4 in Long Blades
   346 | D:2      | Reached XP level 3. HP: 24/31 MP: 4/4
   442 | D:2      | Reached skill level 5 in Long Blades
   442 | D:2      | Reached XP level 4. HP: 28/38 MP: 5/5
   526 | D:2      | Found Madwesih's Weapon Emporium.
   738 | D:3      | Reached XP level 5. HP: 24/45 MP: 6/6
   930 | D:4      | Noticed a phantom
   944 | D:4      | Killed a phantom
   945 | D:4      | Reached skill level 6 in Long Blades
   945 | D:4      | Reached XP level 6. HP: 51/51 MP: 7/7
   971 | D:4      | Reached skill level 7 in Long Blades
  1183 | D:4      | Reached XP level 7. HP: 45/57 MP: 8/8
  1187 | D:4      | Reached skill level 8 in Long Blades
  1364 | D:5      | Entered Level 5 of the Dungeon
  1622 | D:5      | Found a radiant altar of Vehumet.
  1787 | D:6      | Noticed a hornet
  1790 | D:6      | Paralysed by a hornet for 2 turns
  1794 | D:6      | Paralysed by a hornet for 1 turns
  1799 | D:6      | HP: 1/57 [hornet (13)]
  1799 | D:6      | Paralysed by a hornet for 3 turns
  1799 | D:6      | Mangled by a hornet

Illustrated notes

Levels and vault maps discovered:
D:1:      doesnt_arrival_eight_statues, layout_basic, minmay_lizard_pond
D:2:      layout_basic, serial_shops, shop
D:3:      minmay_bubble_buster, layout_basic, nicolae_tso_carved_into_rock,
          chequers_temple_overflow_statue_of_worship
D:4:      minmay_opposing_rooms, layout_cave_pools,
          nicolae_uskayaw_murder_on_the_dancefloor,
          nicolae_hepliaklqana_ecumenical_no_more, cheibrodos_sewer_entry_bend
D:5:      layout_loops_corners, lemuel_doored_altar, supply_closet_lemuel,
          minmay_misc_feat_columns
D:6:      layout_basic, tgw_kikubaaqudgha, temple_pool_b

Skill      XL: |  1  2  3  4  5  6  7 |
---------------+----------------------+-----
Long Blades    | 3 4 5 6 7 8 |  8.8
Fighting       | |  3.2
Armour         | |  3.6
Shields        | |  3.6

Action                     |  1- 3 |  4- 6 |  7- 9 || total
---------------------------+-------+-------+-------++-------
  Melee: Long sword        |    66 |   116 |    93 ||   275
    Use: Potion            |       |     1 |     1 ||     2
 Armour: Scale mail        |    35 |    74 |    32 ||   141
  Dodge: Dodged            |    22 |    38 |    19 ||    79
  Block: Buckler           |    14 |    26 |    22 ||    62

Table legend: (Time is in decaauts)
 A = Elapsed time spent in this place.
 B = Non-inter-level travel time spent in this place.
 C = Inter-level travel time spent in this place.
 D = Time resting spent in this place.
 E = Time spent auto-exploring this place.
 F = Levels seen in this place.
 G = Mean time per level.
                   A        B        C        D        E       F      G
               +--------+--------+--------+--------+--------+-----+--------+
         Total |   1833 |   1691 |    142 |      0 |   1055 |   6 |  305.5 |
       Dungeon |   1833 |   1691 |    142 |      0 |   1055 |   6 |  305.5 |
               +--------+--------+--------+--------+--------+-----+--------+

Top non-repeatable levels by time:
     D:4: 456 daAuts
     D:5: 416 daAuts
     D:1: 346 daAuts
     D:3: 325 daAuts
     D:2: 267 daAuts
     D:6: 22 daAuts
